 Dungeon Crawl Stone Soup version 0.18.1-48-g4cf74bf (webtiles) character file.

4300 dearth the Cleaver (level 10, 0/90 HPs)
             Began as a Hill Orc Fighter on Aug 5, 2016.
             Was a Believer of Okawaru.
             Slain by a gnoll
             ... wielding a +0 halberd
              (5 damage)
             ... on level 8 of the Dungeon.
             The game lasted 00:18:59 (7528 turns).

dearth the Cleaver (Hill Orc Fighter)               Turns: 7528, Time: 00:18:59

Health: 0/90       AC: 11    Str: 23    XL:     10   Next: 32%
Magic:  13/13      EV:  4    Int:  8    God:    Okawaru [**....]
Gold:   464        SH:  0    Dex: 10    Spells: 0 memorised, 9 levels left

rFire  . . .     SeeInvis .     b - +3 broad axe (flame)
rCold  . . .     Gourm    .     B - +3 scale mail
rNeg   . . .     Faith    .     c - +1 shield
rPois  .         Spirit   .     (no helmet)
rElec  .         Dismiss  .     (no cloak)
rCorr  .         Reflect  .     (no gloves)
SustAt .         Harm     .     (no boots)
MR     .....                    (no amulet)
Stlth  ..........               C - +3 ring of slaying
                                i - +6 ring of slaying

@: petrifying (expiring), very slow, not resistant to hostile enchantments,
extremely unstealthy
A: no striking features
a: Heroism, Renounce Religion


You were on level 8 of the Dungeon.
You worshipped Okawaru.
Okawaru was pleased with you.
You were not hungry.

You visited 2 branches of the dungeon, and saw 10 of its levels.

You collected 464 gold pieces.

Inventory:

Hand Weapons
 b - a +3 broad axe of flaming (weapon)
 A - the +9 flail "Nikofryg" {speed, rN+ MR+ Int-4 Dex+3}
   (You found it on level 8 of the Dungeon)

   Attacks with this weapon are significantly faster.
   It affects your intelligence (-4).
   It affects your dexterity (+3).
   It protects you from negative energy.
   It affects your resistance to hostile enchantments.
Armour
 c - a +1 shield (worn)
 B - a +3 scale mail (worn)
Jewellery
 i - a +6 ring of slaying (left hand)
 y - a +5 ring of intelligence
 z - an uncursed ring of magical power {unknown}
 C - a +3 ring of slaying (right hand)
 G - a +4 ring of intelligence
Wands
 u - a wand of paralysis (11/24)
 v - a wand of digging (11/24)
Scrolls
 a - a scroll of fog
 e - 3 scrolls of remove curse
 j - 2 scrolls of blinking
 n - 4 scrolls of teleportation
 r - a scroll of brand weapon {unknown}
 s - 5 scrolls of identify
Potions
 d - 3 potions of might
 h - a potion of lignification
 k - a potion of cure mutation {unknown}
 l - a potion of flight {unknown}
 m - a potion of magic {unknown}
 o - 2 potions of heal wounds {unknown}
 p - a potion of mutation {unknown}
 q - 2 potions of beneficial mutation {unknown}
 t - a potion of haste {unknown}
 w - a potion of berserk rage {unknown}
 x - a potion of brilliance {unknown}
 E - a potion of ambrosia {unknown}
 F - a potion of cancellation {unknown}
 H - a potion of curing {unknown}
Comestibles
 f - 5 bread rations
 g - 6 meat rations
 D - 2 fruits


   Skills:
 + Level 8.4 Fighting
 * Level 11.2 Axes
 + Level 7.6 Armour
 + Level 7.8 Shields
 + Level 4.8 Evocations


You had 9 spell levels left.
You didn't know any spells.

Dungeon Overview and Level Annotations

Branches:
Dungeon (9/15)             Temple (1/1) D:5
   Lair: D:8-11         Orc: D:9-12

Altars:
Ashenzari
Cheibriados
Dithmenos
Elyvilon
Fedhas
Gozag
Kikubaaqudgha
Makhleb
Nemelex Xobeh
Okawaru
Pakellas
Qazlal
Ru
Sif Muna
Trog
Vehumet
Xom
Yredelemnul
Zin
The Shining One


Message History

* * * LOW HITPOINT WARNING * * *
You barely miss the basilisk. The basilisk gazes at you.
You are slowing down.
The gnoll barely misses you.
You hit the basilisk. You burn the basilisk.
The basilisk is lightly wounded.
The quokka twitches its whiskers.
The basilisk bites you!
* * * LOW HITPOINT WARNING * * *
The gnoll hits you from afar with a halberd.
* * * LOW HITPOINT WARNING * * *
The basilisk gazes at you. You resist with some effort.
Your limbs are stiffening.
You completely miss the basilisk.
The basilisk is lightly wounded.
The basilisk bites you.
* * * LOW HITPOINT WARNING * * *
The gnoll hits you from afar with a halberd!
You die...

#........##....
#.............. .
##..##...##.... ..
#####...##.... .P.
#.......... ....
#.......... .P..g
#..........
...lrg########..........
..trJgl@........#'####..
♣..YYY###########.####..
♣...r #^....... ....
#........ ..P #........
.. #........ . ##...##..
######.. #...


You could see 2 basilisks, a crocodile, 3 sheep, a jelly, 3 gnolls, 2 river rats
and a quokka.

Vanquished Creatures
  Pikel (D:7)
  Sigmund (D:4)
  2 basilisks (D:8)
  2 hippogriffs (D:7)
  3 porcupines (D:8)
  Duvessa (D:6)
  An ice beast (D:4)
  3 sky beasts
  A black bear (D:7)
  A necrophage (D:6)
  A slave (D:7)
  2 ogres
  A phantom (D:7)
  2 centaurs (D:5)
  A crocodile (D:8)
  A giant frog (D:8)
  4 scorpions
  Dowan (D:6)
  4 wights (D:6)
  4 crimson imps
  A giant frog zombie (D:7)
  Crazy Yiuf (D:4)
  4 hounds
  3 orc wizards
  3 orc priests
  A giant frog skeleton (D:5)
  2 gnoll shamans (D:5)
  2 iguanas
  4 worker ants
  2 sheep (D:8)
  2 hound skeletons
  A howler monkey zombie (D:6)
  Robin (D:2)
  A howler monkey skeleton (D:7)
  20 gnolls
  A river rat (D:8)
  10 adders
  2 shadow imps
  An ooze (D:2)
  2 adder zombies
  An adder skeleton (D:4)
  4 dart slugs
  2 giant geckos (D:3)
  17 orcs
  2 ball pythons
  3 giant cockroaches
  13 goblins
  10 hobgoblins
  11 jackals
  3 quokkas
  6 bats
  7 giant newts
  A jackal skeleton (D:6)
  7 kobolds
  A quokka zombie (D:6)
  6 rats
195 creatures vanquished.

Vanquished Creatures (others)
  A worm (D:2)
1 creature vanquished.

Grand Total: 196 creatures vanquished

Notes
Turn   | Place    | Note
--------------------------------------------------------------
     0 | D:1      | dearth the Hill Orc Fighter began the quest for the Orb.
     0 | D:1      | Reached XP level 1. HP: 19/19 MP: 1/1
    39 | D:1      | Reached skill level 3 in Axes
   115 | D:1      | Reached XP level 2. HP: 27/27 MP: 2/2
   477 | D:1      | Reached XP level 3. HP: 32/33 MP: 3/3
  1077 | D:2      | Noticed Robin
  1087 | D:2      | Killed Robin
  1087 | D:2      | Reached skill level 4 in Axes
  1087 | D:2      | Reached XP level 4. HP: 30/40 MP: 4/4
  1318 | D:2      | Found a shadowy altar of Dithmenos.
  1451 | D:2      | Found an ancient bone altar of Kikubaaqudgha.
  1779 | D:3      | Found a deep blue altar of Sif Muna.
  1784 | D:3      | Reached XP level 5. HP: 47/47 MP: 5/5
  2137 | D:4      | Reached skill level 5 in Axes
  2276 | D:4      | Found a sparkling altar of Nemelex Xobeh.
  2287 | D:4      | Reached XP level 6. HP: 21/53 MP: 6/6
  2529 | D:4      | Reached skill level 5 in Fighting
  2538 | D:4      | Reached skill level 6 in Axes
  2917 | D:4      | Reached XP level 7. HP: 51/61 MP: 7/7
  3034 | D:4      | Reached skill level 5 in Armour
  3034 | D:4      | Reached skill level 5 in Shields
  3274 | D:4      | Noticed Crazy Yiuf
  3279 | D:4      | Killed Crazy Yiuf
  3416 | D:4      | Reached skill level 7 in Axes
  3428 | D:4      | Noticed Sigmund
  3437 | D:4      | Killed Sigmund
  3437 | D:4      | Reached XP level 8. HP: 31/70 MP: 8/8
  3878 | D:5      | Entered Level 5 of the Dungeon
  3887 | D:5      | Found a stormy altar of Qazlal.
  4141 | D:5      | Found a staircase to the Ecumenical Temple.
  4153 | Temple   | Entered the Ecumenical Temple
  4366 | D:5      | Reached skill level 8 in Axes
  4580 | D:5      | Reached skill level 1 in Evocations
  4763 | D:5      | Found a bloodstained altar of Trog.
  5060 | D:6      | Found a sacrificial altar of Ru.
  5112 | D:6      | Noticed Duvessa
  5113 | D:6      | Noticed Dowan
  5124 | D:6      | Killed Dowan
  5126 | D:6      | Killed Duvessa
  5407 | D:6      | Got a translucent chain mail
  5408 | D:6      | Identified the +8 chain mail "Nielegob" {Regen+ Str-5 Int+7} (You took it off a wight on level 6 of the Dungeon)
  5421 | D:6      | Reached skill level 9 in Axes
  5451 | D:6      | Reached XP level 9. HP: 79/79 MP: 10/10
  5459 | D:6      | Found a shimmering altar of Xom.
  5902 | D:6      | You fall through a shaft for 3 floors!
  5923 | D:9      | Found an opulent altar of Gozag.
  6139 | D:8      | Got an iridescent flail
  6140 | D:8      | Identified the +9 flail "Nikofryg" {speed, rN+ MR+ Int-4 Dex+3} (You found it on level 8 of the Dungeon)
  6147 | D:8      | Found a blossoming altar of Fedhas.
  6375 | D:7      | Found a radiant altar of Vehumet.
  6452 | D:7      | Found an iron altar of Okawaru.
  6458 | D:7      | Became a worshipper of Warmaster Okawaru
  6610 | D:7      | Identified a scroll of acquirement
  6786 | D:7      | Reached skill level 10 in Axes
  6865 | D:7      | Noticed Pikel
  6871 | D:7      | Killed Pikel
  6871 | D:7      | Reached XP level 10. HP: 74/88 MP: 11/13
  6903 | D:7      | Got a translucent scale mail
  6904 | D:7      | Identified the cursed +0 scale mail "Janouloi" {Dex+2} (You found it on level 7 of the Dungeon)
  6920 | D:6      | Reached * piety under Okawaru
  7418 | D:8      | Found a white marble altar of Elyvilon.
  7480 | D:8      | Reached skill level 11 in Axes
  7524 | D:8      | Reached ** piety under Okawaru
  7528 | D:8      | Slain by a gnoll

Skill      XL: |  1  2  3  4  5  6  7  8  9 10 |
---------------+-------------------------------+-----
Axes           | 3 4 5 6 7 9 10 11 | 11.2
Fighting       | 4 5 7 8 |  8.4
Shields        | 4 5 6 7 |  7.8
Armour         | 4 5 6 7 |  7.6
Evocations     | 2 4 |  4.8

Action                   |  1- 3 |  4- 6 |  7- 9 | 10-12 || total
-------------------------+-------+-------+-------+-------++-------
Melee: War axe           |    79 |   106 |   163 |       ||   348
       Flail             |       |       |    36 |       ||    36
       Broad axe         |       |       |    21 |    45 ||    66
Invok: Heroism           |       |       |       |     1 ||     1
  Use: Scroll            |       |     5 |     9 |     3 ||    17
  Eat: Chunk             |       |     6 |     5 |       ||    11
       Bread ration      |       |       |     1 |       ||     1
       Pizza             |       |       |     1 |       ||     1
       Fruit             |       |       |     2 |     3 ||     5
Armor: Scale mail        |    28 |    45 |    61 |    30 ||   164
Dodge: Dodged            |    20 |    36 |    43 |    11 ||   110
Block: Shield            |    49 |    63 |   120 |    15 ||   247
